 Dungeon Crawl Stone Soup version 0.24.0-123-gd5b16e6ec5 (webtiles) character file.

Game seed: 1442362020112576139, levelgen mode: deterministic

114 Descartes the Skirmisher (level 5, 0/42 HPs)
             Began as a Formicid Abyssal Knight on Jan 16, 2020.
             Was a Believer of Lugonu.
             Slain by a rat (2 damage)
             ... on level 3 of the Dungeon.
             The game lasted 00:06:08 (2765 turns).

Descartes the Skirmisher (Formicid Abyssal Knight)  Turns: 2765, Time: 00:06:09

Health: 0/42       AC:  5    Str: 18    XL:     5   Next: 19%
Magic:  7/7        EV: 11    Int: 11    God:    Lugonu [**....]
Gold:   130        SH:  3    Dex: 10    Spells: 4/4 levels left

rFire    . . .     SeeInvis +   a - +1 hand axe
rCold    . . .     Gourm    .   g - +0 buckler
rNeg     . . .     Faith    .   l - +0 ring mail
rPois    .         Spirit   .   (helmet unavailable)
rElec    .         Reflect  .   (no cloak)
rCorr    .         Harm     .   (no gloves)
MR       .....                  (no boots)
Stlth    ..........             (no amulet)
HPRegen  0.14/turn              (no ring)
MPRegen  0.10/turn              (no ring)

@: no status effects
A: permanent stasis, dig shafts and tunnels, four strong arms, antennae 3
a: Dig, Shaft Self, Depart the Abyss, Bend Space, Renounce Religion


You were on level 3 of the Dungeon.
You worshipped Lugonu.
Lugonu was pleased with you.
You were not hungry.

You visited 1 branch of the dungeon, and saw 3 of its levels.
You visited the Abyss 1 time.

You collected 130 gold pieces.

Inventory:

Hand Weapons
 a - a +1 hand axe (weapon)
Missiles
 h - 40 stones (quivered)
 i - 86 arrows
 u - 14 poisoned darts
 v - 3 javelins
Armour
 b - a +0 leather armour
 g - a +0 buckler (worn)
 l - a +0 ring mail (worn)
Jewellery
 n - an uncursed ring of ice {unknown}
 r - an uncursed ring of stealth {unknown}
Scrolls
 f - 2 scrolls of teleportation {unknown}
 j - 2 scrolls of fear {unknown}
 k - a scroll of fog {unknown}
 p - a scroll of remove curse {unknown}
 w - a scroll of noise {unknown}
 x - a scroll of magic mapping {unknown}
 y - a scroll of identify {unknown}
Potions
 d - a potion of mutation {unknown}
 e - a potion of curing {unknown}
 o - a potion of might {unknown}
 q - a potion of berserk rage {unknown}
 s - 2 potions of agility {unknown}
 t - 2 potions of haste {unknown}
Comestibles
 c - 4 rations
 m - 5 chunks of flesh


   Skills:
 + Level 3.8 Fighting
 + Level 2.6 Axes
 + Level 3.0 Armour
 + Level 1.9 Dodging
 + Level 1.4 Shields
 + Level 3.2 Invocations


You had 4 spell levels left.
You didn't know any spells.
Your spell library was empty.

Dungeon Overview and Level Annotations

Branches:
Dungeon (3/15)

Altars:


Innate Abilities, Weirdness & Mutations

You cannot be hasted, slowed, berserked, paralysed or teleported.
You can dig through walls and to a lower floor.
Your four strong arms can wield two-handed weapons with a shield.
You have a pair of large antennae on your head. (SInv)


Message History

* * * LOW HITPOINT WARNING * * *
The gnoll hits you but does no damage.
The gnoll hits you from afar with a +0 spear.
* * * LOW HITPOINT WARNING * * *
The gnoll closely misses you.
You extend your mandibles.
You dig through the rock wall.
A rat comes into view.
Found a scroll labeled QELINUC TUGE and a hand axe.
You retract your mandibles.
Found a scale mail.
Found an escape hatch in the ceiling.
The rat bites you but does no damage. The gnoll hits you.
* * * LOW HITPOINT WARNING * * *
The gnoll hits you from afar with a +0 spear.
* * * LOW HITPOINT WARNING * * *
A frilled lizard comes into view.
The frilled lizard hisses angrily.
There is an escape hatch in the ceiling here.
The rat bites you.
You die...

#.# ...... #.# ..... #.#
.......# #.# ....... #.#
....... #.#
.#######.......###÷#####
........##..............
...?...@##.##...........
.......r##.##.....÷.)...
.......g..{##...........
........g#g##...........
.........#.##...........
.........#.##...........
.....)..##g)............
........###.............
........# #.............


You could see 2 gnolls and a rat.

Vanquished Creatures
  A gnoll (D:3)
  5 adders
  A worm (D:2)
  A dart slug (D:1)
  A leopard gecko (D:2)
  An orc (D:3)
  A giant cockroach (D:1)
  8 goblins
  10 hobgoblins
  3 jackals (D:1)
  3 kobolds
  6 bats
  5 frilled lizards
  7 rats
  2 butterflies (D:1)
55 creatures vanquished.

Notes
Turn   | Place    | Note
-------+----------+-------------------------------------------
     0 | Abyss:1  | Descartes the Formicid Abyssal Knight began the quest for
                  | the Orb.
     0 | Abyss:1  | Reached XP level 1. HP: 18/18 MP: 2/2
    11 | D:1      | Escaped the Abyss
    33 | D:1      | Reached skill level 1 in Dodging
    86 | D:1      | Reached XP level 2. HP: 17/24 MP: 3/3
   731 | D:1      | Reached ** piety under Lugonu
   732 | D:1      | Reached XP level 3. HP: 29/29 MP: 4/4
  1520 | D:2      | Reached XP level 4. HP: 36/36 MP: 6/6
  1537 | D:2      | Reached skill level 1 in Shields
  2646 | D:3      | Reached XP level 5. HP: 35/42 MP: 7/7
  2763 | D:3      | HP: 2/42 [gnoll/+0 spear (4)]
  2765 | D:3      | Slain by a rat

Levels and vault maps discovered:
D:1:      lemuel_arrival_room, layout_loops_corners, serial_aquarium,
          aquarium_bridge_square [aquarium_subvault_bridge,
          aquarium_subvault_bridge, aquarium_subvault_wall,
          aquarium_subvault_window], aquarium_bridge_square
          [aquarium_subvault_wall, aquarium_subvault_bridge,
          aquarium_subvault_window, aquarium_subvault_wall], aquarium_window_1,
          aquarium_window_1, aquarium_view_2e, aquarium_view_4
D:2:      layout_loops_ring
D:3:      layout_basic, first_ration

Skill      XL: |  1  2  3  4  5 |
---------------+----------------+-----
Dodging        | 1 |  1.9
Shields        | 1 |  1.4
Invocations    | 3 |  3.2
Armour         | 3 |  3.0
Fighting       | |  3.8
Axes           | |  2.6

Action                   |  1- 3 |  4- 6 || total
-------------------------+-------+-------++-------
Melee: Hand axe          |   124 |    71 ||   195
 Abil: Dig               |     4 |     3 ||     7
  Eat: Chunk             |     3 |     4 ||     7
Armor: Leather armour    |    12 |       ||    12
       Ring mail         |    22 |    33 ||    55
Dodge: Dodged            |    59 |    39 ||    98
Block: Buckler           |     6 |    16 ||    22
